 Dungeon Crawl Stone Soup version 0.18.1-8-gdd0e5ea (webtiles) character file.

598 zeroDi the Covert (level 7, -10/30 HPs)
             Began as a Vine Stalker Assassin on May 28, 2016.
             Was an Initiate of Okawaru.
             Mangled by a mummy (12 damage)
             ... in an ossuary.
             The game lasted 00:09:11 (3552 turns).

zeroDi the Covert (Vine Stalker Assassin)           Turns: 3552, Time: 00:09:12

Health: -10/30     AC: 10    Str: 12 (13) XL:     7   Next: 40%
Magic:  0/8        EV: 11    Int: 10 (11) God:    Okawaru [......]
Gold:   228        SH:  0    Dex: 16 (18) Spells: 0 memorised, 6 levels left

rFire  . . .     SeeInvis .     a - +1 dagger (protect)
rCold  . . .     Gourm    .     c - +0 robe
rNeg   . . .     Faith    .     (no shield)
rPois  .         Spirit   +     (no helmet)
rElec  .         Dismiss  .     d - +0 cloak
rCorr  .         Reflect  .     l - +0 pair of gloves
SustAt +         Harm     .     v - +0 pair of boots
MR     .....                    (no amulet)
Stlth  ++++......               (no ring)
                                y - ring of sustain attributes

@: not resistant to hostile enchantments, stealthy
A: claws 1, fangs 2, hooves 1, frail 1, regeneration 2, magic shield, antimagic
bite, no device heal 3, rot immunity
a: Renounce Religion


You were in an ossuary.
You worshipped Okawaru.
Okawaru was noncommittal.
You were not hungry.

You visited 2 branches of the dungeon, and saw 7 of its levels.
You also visited: Ossuary.

You collected 228 gold pieces.


Innate Abilities, Weirdness & Mutations

You have extremely sharp teeth.
You heal very quickly.
When hurt, damage is shared between your health and your magic reserves.
Your bite disrupts and absorbs the magic of your enemies.
Potions and wands cannot restore your health.
You are immune to rotting.
You have sharp fingernails.
You have large cloven feet.
You are frail (-10% HP).


   Skills:
 - Level 1.7 Fighting
 - Level 5.5 Short Blades
 - Level 1.7 Throwing
 - Level 0.7 Dodging
 + Level 8.3 Stealth


You had 6 spell levels left.
You didn't know any spells.

Inventory:

Hand Weapons
 a - a +1 dagger of protection (weapon)
 b - a +0 blowgun
 w - a +2 dagger
Missiles
 e - 58 poisoned needles
 f - 2 curare-tipped needles {=f}
 i - 4 silver javelins (quivered)
 p - 98 stones
 D - 2 poisoned tomahawks
Armour
 c - a +0 robe (worn)
 d - a +0 cloak (worn)
 l - a +0 pair of gloves (worn)
 v - a +0 pair of boots (worn)
Jewellery
 y - a ring of sustain attributes (left hand)
 J - an uncursed ring of fire {unknown}
Scrolls
 k - 2 scrolls of remove curse {unknown}
 m - 7 scrolls of teleportation {unknown}
 q - a scroll of identify {@r1}
 r - 2 scrolls of enchant weapon {unknown}
 s - a scroll of enchant armour {unknown}
 t - 4 scrolls of noise {unknown}
 x - a scroll of blinking {unknown}
 z - a scroll of amnesia {unknown}
 B - a scroll of vulnerability {unknown}
Potions
 h - a potion of curing {@q1}
 j - 2 potions of brilliance
 o - a potion of agility
 u - a potion of degeneration {!q}
 C - a potion of heal wounds {unknown}
 G - a potion of berserk rage {unknown}
 H - a potion of invisibility {unknown}
 I - a potion of might {unknown}
Books
 E - a book of Envenomations

   Spells                             Type                      Level
   a - Spider Form                    Transmutation/Poison         3
   b - Olgreb's Toxic Radiance        Poison                       4
   c - Alistair's Intoxication        Transmutation/Poison         5
   d - Poisonous Cloud                Conjuration/Poison/Air       6
Comestibles
 g - 7 bread rations
 n - 2 slices of pizza
 A - 2 meat rations
 F - a beef jerky

Dungeon Overview and Level Annotations

Branches:
Dungeon (6/15)             Temple (1/1) D:6

Altars:
Ashenzari
Elyvilon
Fedhas
Gozag
Kikubaaqudgha
Makhleb
Nemelex Xobeh
Okawaru
Pakellas
Qazlal
Ru
Sif Muna
Trog
Vehumet
Xom
Yredelemnul
Zin

Shops:
D:2 *

Annotations:
D:3 Grinder

################
∩...........#$$#
...........#$$#
.#####.....Z...##+#
............Z@.....#
.............Z.ZM.....#
.............ZZ##.....#
....Z........Z.##.....#
..............Z.......#
..Z...................#
...................#..#
..................##..#
.......∩∩.........#


You could see a mummy, 2 jackal zombies, a hound zombie, a goblin zombie and 3
elf zombies.


Message History

The hound zombie bites you but does no damage.
You hit the mummy but do no damage. Your bite misses the mummy.
The hound zombie bites you but does no damage.
You hit the mummy but do no damage. The mummy hits you.
The jackal zombie bites you but does no damage.
All of the chunks of flesh in your inventory have rotted away.
You hit the mummy but do no damage. The hound zombie bites you.
The jackal zombie bites you but does no damage.
You closely miss the mummy. The hound zombie barely misses you.
The mummy hits you!
* * * LOW HITPOINT WARNING * * *
You hit the mummy. You bite the mummy. You drain its power.
You feel invigorated.
The mummy is lightly damaged.
The hound zombie bites you.
* * * LOW HITPOINT WARNING * * *
The jackal zombie bites you.
* * * LOW HITPOINT WARNING * * *
The mummy hits you!
You die...

Action                   |  1- 3 |  4- 6 |  7- 9 || total
-------------------------+-------+-------+-------++-------
Melee: Dagger            |    69 |   257 |    86 ||   412
       Bite              |    21 |    84 |    24 ||   129
Throw: Javelin           |       |       |     3 ||     3
  Use: Potion            |       |     7 |       ||     7
       Scroll            |       |     1 |       ||     1
 Stab: Sleeping          |     7 |    12 |     3 ||    22
  Eat: Chunk             |       |     7 |     2 ||     9
Armor: Robe              |    18 |    71 |    43 ||   132
Dodge: Dodged            |    43 |   112 |    47 ||   202

Vault maps used:
D:1:      lightli_arrival_flooded_house
D:2:      lemuel_round_altar, first_bread, nicolae_gozag_zags_fifth_avenue
D:3:      uniq_grinder
D:5:      kiku_gazebo_garden_becter, overflow_temple_1_default,
          lemuel_round_altar
D:6:      kennysheep_little_box, lemuel_temple_firewalk_marked,
          nicolae_ossuary_entry_plus
Temple:   circular_temple_pool_12
Ossuary:  ossuary_minmay_tomb_2a

Notes
Turn   | Place    | Note
--------------------------------------------------------------
     0 | D:1      | zeroDi the Vine Stalker Assassin began the quest for the Orb.
     0 | D:1      | Reached XP level 1. HP: 11/11 MP: 2/2
    36 | D:1      | Reached skill level 2 in Short Blades
    79 | D:1      | Reached XP level 2. HP: 13/15 MP: 3/3
   286 | D:1      | Reached skill level 3 in Short Blades
   351 | D:1      | Reached XP level 3. HP: 15/18 MP: 4/4
   793 | D:2      | Found an opulent altar of Gozag.
   797 | D:2      | Found Gozag's Platinum Reserve.
   865 | D:2      | Reached XP level 4. HP: 23/23 MP: 5/5
  1014 | D:2      | Found a sacrificial altar of Ru.
  1144 | D:3      | Noticed Grinder
  1154 | D:3      | Paralysed by Grinder for 4 turns
  1174 | D:3      | Paralysed by Grinder for 5 turns
  1306 | D:3      | Reached skill level 4 in Short Blades
  1536 | D:3      | Reached XP level 5. HP: 18/26 MP: 4/6
  1689 | D:3      | Reached skill level 5 in Short Blades
  2101 | D:4      | Gained mutation: You heal very quickly. [Vine Stalker growth]
  2101 | D:4      | Reached XP level 6. HP: 30/30 MP: 7/7
  2126 | D:4      | Reached skill level 5 in Stealth
  2487 | D:4      | Reached skill level 6 in Stealth
  2493 | D:4      | Gained mutation: You are frail (-10% HP). [potion of mutation]
  2493 | D:4      | Gained mutation: You have sharp fingernails. [potion of mutation]
  2493 | D:4      | Gained mutation: You have large cloven feet. [potion of mutation]
  2730 | D:4      | Reached skill level 7 in Stealth
  2802 | D:5      | Entered Level 5 of the Dungeon
  2875 | D:5      | Found an ancient bone altar of Kikubaaqudgha.
  2898 | D:5      | Reached XP level 7. HP: 20/30 MP: 8/8
  2947 | D:5      | Found a bloodstained altar of Trog.
  2997 | D:5      | Found a shimmering altar of Xom.
  3186 | D:6      | Found a deep blue altar of Sif Muna.
  3192 | D:6      | Reached skill level 8 in Stealth
  3337 | D:6      | Found a staircase to the Ecumenical Temple.
  3346 | Temple   | Entered the Ecumenical Temple
  3448 | Temple   | Became a worshipper of Warmaster Okawaru
  3518 | D:6      | Found a sand-covered staircase.
  3524 | Ossuary  | Entered an ossuary
  3550 | Ossuary  | HP: 3/30 [mummy (13)]
  3552 | Ossuary  | Mangled by a mummy

Vanquished Creatures
  A crimson imp (D:6)
  A jelly (D:6)
  A centaur zombie (D:5)
  A hound (D:4)
  2 orc priests
  A centaur skeleton (D:4)
  4 orc wizards
  3 worker ants
  A hound zombie (D:5)
  6 adders
  A shadow imp (D:6)
  4 oozes
  4 dart slugs
  4 giant geckos
  18 orcs
  2 bats
  A giant cockroach (D:2)
  4 goblins
  8 hobgoblins
  4 jackals
  8 kobolds
  7 quokkas
  A giant cockroach zombie (D:5)
  4 giant newts
  A jackal skeleton (D:5)
  A jackal zombie (Ossuary)
  9 rats
102 creatures vanquished.
